 Dungeon Crawl Stone Soup version 0.30-a0-1160-g6e42c06551 (webtiles) character file.

Game seed: 11624901008097682498

821 garrulousMonolith the Ruffian (level 7, -1/70 HPs)
             Began as a Troll Berserker on Apr 26, 2023.
             Was a Priest of Trog.
             Slain by an ogre
             ... wielding a +0 giant club
              (26 damage)
             ... on level 5 of the Dungeon.
             The game lasted 00:04:52 (3553 turns).

garrulousMonolith the Ruffian (Troll Berserker)     Turns: 3553, Time: 00:04:53

Health: -1/70      AC:  5    Str: 26    XL:     7   Next: 63%
Magic:  15/15      EV: 11    Int:  5    God:    Trog [***...]
Gold:   242        SH:  0    Dex: 15    Spells: 6/6 levels left

rFire   . .          .
                       - Unarmed
rCold   . . .        (no shield)
rNeg    . . .        a - +0 animal skin
rPois   .            (helmet restricted)
rElec   .            o - +0 cloak
rCorr   .            (gloves unavailable)
SInv    .            (boots unavailable)
Will    ++...        (no amulet)
Stlth   +            k - ring of magical power
HPRegen 2.11/turn    n - +6 ring of dexterity
MPRegen 0.14/turn

%: no passive effects
@: strong-willed, on berserk cooldown, regenerating, slowed, very slow
A: large, unfitting armour, claws 3, regeneration 1, shaggy fur 1, tough skin 1
a: Renounce Religion, Berserk, Trog's Hand


You were on level 5 of the Dungeon.
You worshipped Trog.
Trog was most pleased with you.
You visited 1 branch of the dungeon, and saw 5 of its levels.
You also visited: Ossuary.

You collected 242 gold pieces.

Inventory:

Hand Weapons
 c - a +0 executioner's axe
 d - a +0 war axe of flaming
 g - a +0 long sword of electrocution
 m - a +2 flail of venom
Missiles
 e - 11 poisoned darts (quivered)
Armour
 a - a +0 animal skin (worn)
 o - a +0 cloak (worn)
Jewellery
 k - a ring of magical power (left claw)
 n - a +6 ring of dexterity (right claw)
Wands
 q - a wand of mindburst (13)
Scrolls
 b - 2 scrolls of blinking
 j - a scroll of immolation
 p - a scroll of teleportation
 t - 3 scrolls of vulnerability {unknown}
 u - a scroll of amnesia {unknown}
Potions
 f - a potion of curing {unknown}
 h - a potion of lignification {unknown}
 i - a potion of might {unknown}
 l - 2 potions of attraction {unknown}
 r - 3 potions of haste
 s - 2 potions of ambrosia


   Skills:
 + Level 4.2 Fighting
 + Level 0.8 Armour
 + Level 4.2 Dodging
 * Level 6.7 Unarmed Combat


You had 6 spell levels left.
You didn't know any spells.
Your spell library was empty.

Dungeon Overview and Level Annotations

Branches:
Dungeon (5/15)             Temple (0/1) D:4         Ossuary (visited)

Altars:
Ashenzari
Xom


Innate Abilities, Weirdness & Mutations

You are too large for most types of armour.
You have claws for hands.
Your natural rate of healing is unusually fast.
You are covered in fur. (AC +1)
You have tough skin. (AC +1)


Message History

You kill the adder!
Trog accepts your kill.
The gnoll hits you from afar with a +0 spear.
You feel sick.
You are no longer poisoned.
The gnoll hits you with a +0 spear.
You see here an adder corpse.
You mangle the gnoll!!
You kill the gnoll!
Trog accepts your kill.
Found a scroll labelled WIUDOEDO FOMA.
Things that are here:
a +0 spear; a gnoll corpse You feel a strong urge to attack something.
The scorpion stings you but does no damage.
You scratch the scorpion.
The scorpion is moderately wounded.
You claw the scorpion!
The scorpion is severely wounded.
The scorpion barely misses you.
You mangle the scorpion!!
You feel the power of Trog in you as your rage grows.
You kill the scorpion!
Trog accepts your kill.
An ogre comes into view. It is wielding a +0 giant club.
The ogre shouts!
You see here a scorpion corpse.
You feel a strong urge to attack something.
You are no longer berserk.
You are exhausted.
You feel yourself slow down.
Your skin crawls.
You feel strong-willed.
You scratch the ogre.
The ogre is lightly wounded.
The ogre hits you with a +0 giant club!!
You scratch the ogre.
The ogre is moderately wounded.
The ogre hits you with a +0 giant club!!
You die...

.######..... ..#........
#.........# #........O####
....# ............. ....
..........# ##...# #
#......†..##### #...>##..
#.............#####...#...
#......)..###O@...........
........†.# ######...#....
..........########..#....#
#.........##............#
#............####..#....#
##.......#.### ##..#.##.#
?..........# ##.....##.#
...##..##..####....#......
..#... ...#.<.......##.##


You could see an ogre.

Vanquished Creatures
  Sigmund (D:2)
  A black bear (D:5)
  An elf zombie (Ossuary)
  A scorpion (D:5)
  5 centaur zombies (Ossuary)
  2 human zombies (Ossuary)
  Crazy Yiuf (D:3)
  3 mummies
  Robin (D:3)
  3 adders
  A gnoll (D:5)
  An adder skeleton (D:2)
  A dart slug (D:4)
  9 orcs
  4 bats
  A bat zombie (D:2)
  12 endoplasms
  3 giant cockroaches
  19 goblins
  5 hobgoblins
  2 jackals (D:4)
  3 quokkas
  2 ball pythons (D:2)
  A ball python zombie (D:2)
  3 frilled lizards
  A giant cockroach zombie (D:2)
  2 goblin zombies
  11 hobgoblin zombies
  2 jackal zombies (Ossuary)
  5 kobolds
  8 kobold zombies (Ossuary)
  8 orc zombies (Ossuary)
  A quokka zombie (D:2)
  A rat (D:2)
125 creatures vanquished.

Vanquished Creatures (others)
  A withered plant (D:2)
1 creature vanquished.

Grand Total: 126 creatures vanquished

Notes
Turn   | Place    | Note
-------+----------+-------------------------------------------
     0 | D:1      | garrulousMonolith the Troll Berserker began the quest for
                  | the Orb.
     0 | D:1      | Reached XP level 1. HP: 22/22 MP: 0/0
   532 | D:1      | Reached XP level 2. HP: 29/29 MP: 1/1
  1126 | D:2      | Noticed Sigmund
  1131 | D:2      | Killed Sigmund
  1132 | D:2      | Reached skill level 4 in Unarmed Combat
  1132 | D:2      | Reached XP level 3. HP: 37/37 MP: 2/2
  1132 | D:2      | Reached XP level 4. HP: 45/45 MP: 3/3
  1132 | D:2      | Reached XP level 5. HP: 53/53 MP: 4/4
  1667 | D:3      | Found a runed translucent door.
  1668 | D:3      | Noticed Crazy Yiuf
  1697 | D:3      | Noticed Robin
  1726 | D:3      | Killed Robin
  1727 | D:3      | Reached skill level 5 in Unarmed Combat
  1746 | D:3      | Found a broken altar of Ashenzari.
  1749 | D:3      | Reached ** piety under Trog
  2377 | D:3      | HP: 3/79 [Crazy Yiuf/+3 quarterstaff of chaos (15)]
  2378 | D:3      | Killed Crazy Yiuf
  2379 | D:3      | Reached XP level 6. HP: 5/61 MP: 5/5
  2659 | D:4      | Found a shimmering altar of Xom.
  2659 | D:4      | Found a staircase to the Ecumenical Temple.
  2749 | D:4      | Found a sand-covered staircase.
  2753 | D:4      | Identified the +0 ring mail of Powerful Salvation {rC++
                  | Str+2 Dex-4 SInv}
  2795 | Ossuary  | Entered an ossuary
  2866 | Ossuary  | Reached *** piety under Trog
  2951 | Ossuary  | Reached skill level 6 in Unarmed Combat
  2964 | Ossuary  | Reached XP level 7. HP: 68/68 MP: 6/6
  3498 | D:5      | Entered Level 5 of the Dungeon
  3553 | D:5      | Slain by an ogre

Illustrated notes

Levels and vault maps discovered:
D:1:      dpeg_arrival_short_road, layout_loops_ring, serial_aquarium,
          aquarium_bridge_long_separate [aquarium_subvault_bridge,
          aquarium_subvault_balcony, aquarium_subvault_window,
          aquarium_subvault_window, aquarium_subvault_window,
          aquarium_subvault_bridge], aquarium_window_1, aquarium_window_corner,
          aquarium_window_fake, aquarium_view_2g, aquarium_balcony_5a
D:2:      layout_basic, serial_undead, serial_undead_a, serial_undead_b,
          serial_undead_f, serial_undead_a, serial_undead_f, hex_large,
          uniq_sigmund
D:3:      layout_rooms, old_standard_altar, nicolae_underground_beach,
          uniq_robin, uniq_crazy_yiuf_cottage
D:4:      layout_basic, xom_confusion_cloud, temple_fountains,
          nicolae_ossuary_entry_giza
D:5:      layout_rooms, lemuel_tele_altar, pf_guarded_unrand_meek

Skill      XL: |  1  2  3  4  5  6  7 |
---------------+----------------------+-----
Fighting       | 3 4 |  4.2
Dodging        | 3 4 |  4.2
Unarmed Combat | 4 5 6 |  6.7
Armour         | |  0.8

Action                     |  1- 3 |  4- 6 |  7- 9 || total
---------------------------+-------+-------+-------++-------
  Melee: Unarmed           |    43 |   216 |    56 ||   315
         Punch             |       |     3 |       ||     3
 Invoke: Berserk           |     1 |     2 |     1 ||     4
         Trog's Hand       |       |     2 |     1 ||     3
    Use: Scroll            |       |     5 |     3 ||     8
   Stab: Sleeping          |     1 |       |       ||     1
 Armour: Animal skin       |     9 |    80 |    33 ||   122
  Dodge: Dodged            |    17 |   122 |    28 ||   167

Table legend: (Time is in decaauts)
 A = Elapsed time spent in this place.
 B = Non-inter-level travel time spent in this place.
 C = Inter-level travel time spent in this place.
 D = Time resting spent in this place.
 E = Time spent auto-exploring this place.
 F = Levels seen in this place.
 G = Mean time per level.
                   A        B        C        D        E       F      G
               +--------+--------+--------+--------+--------+-----+--------+
         Total |   3552 |   3326 |    226 |    214 |   2354 |   6 |  592.0 |
       Dungeon |   3316 |   3090 |    226 |    214 |   2265 |   5 |  663.2 |
       Ossuary |    236 |    236 |      0 |      0 |     89 |   1 |  236.0 |
               +--------+--------+--------+--------+--------+-----+--------+

Top non-repeatable levels by time:
     D:1: 946 daAuts
     D:3: 850 daAuts
     D:4: 755 daAuts
     D:2: 712 daAuts
 Ossuary: 236 daAuts
     D:5: 50 daAuts
